 Dungeon Crawl Stone Soup version 0.29-a0-418-gc0181ea820 (webtiles) character file.

Game seed: 3007498870604068081

835 Pelinal the Covert (level 7, 0/46 HPs)
             Began as a Merfolk Ice Elementalist on May 18, 2022.
             Was an Initiate of Ashenzari.
             Slain by a wight
             ... wielding a +3 dire flail
              (6 damage)
             ... on level 6 of the Dungeon.
             The game lasted 00:08:20 (6444 turns).

Pelinal the Covert (Merfolk Ice Elementalist)       Turns: 6444, Time: 00:08:20

Health: 0/46       AC:  3    Str:  8    XL:     7   Next: 98%
Magic:  10/10      EV: 13    Int: 16    God:    Ashenzari [......]
Gold:   192        SH:  0    Dex: 15    Spells: 3/10 levels left

rFire   x . .      SeeInvis +   q - +3 dagger (venom)
rCold   + . .      Faith    .   (no shield)
rNeg    . . .      Spirit   .   a - +0 robe
rPois   .          Reflect  .   (no helmet)
rElec   .          Harm     .   (no cloak)
rCorr   .          Rampage  .   v - +0 pair of gloves
Will    .....                   (no boots)
Stlth   ++++......              r - amulet of magic regeneration
HPRegen 0.15/turn               j - ring of ice
MPRegen 0.52/turn               n - ring of see invisible

@: about to teleport
A: (nimble swimmer 2), mertail
a: Renounce Religion, Curse Item


You were on level 6 of the Dungeon.
You worshipped Ashenzari.
Ashenzari was noncommittal.
You visited 2 branches of the dungeon, and saw 7 of its levels.

You collected 192 gold pieces.

Inventory:

Hand Weapons
 o - a +0 trident
 q - a +3 dagger of venom (weapon)
Missiles
 d - 165 stones
 w - 4 poisoned darts
Armour
 a - a +0 robe (worn)
 v - a +0 pair of gloves (worn)
Jewellery
 h - a ring of fire
 j - a ring of ice (left hand)
 n - a ring of see invisible (right hand)
 r - an amulet of magic regeneration (around neck)
Scrolls
 c - 4 scrolls of teleportation
 e - a scroll of blinking {unknown}
 f - a scroll of immolation
 i - 2 scrolls of amnesia {unknown}
 l - 2 scrolls of identify {unknown}
 m - a scroll of enchant armour {unknown}
 u - a scroll of fog {unknown}
 y - a scroll of noise {unknown}
Potions
 b - 2 potions of magic
 g - a potion of mutation {unknown}
 k - a potion of haste {unknown}
 p - a potion of brilliance {unknown}
 s - a potion of heal wounds {unknown}
 t - a potion of attraction {unknown}
 x - a potion of ambrosia {unknown}


   Skills:
 - Level 2.7 Dodging
 + Level 8.8 Stealth
 - Level 2.0 Spellcasting
 - Level 7.0 Ice Magic


You had 3 spell levels left.
You knew the following spells:

 Your Spells              Type           Power      Damage    Failure   Level
a - Freeze                Ice            100%       1d11      1%          1
b - Frozen Ramparts       Ice            72%        1d9       3%          3
c - Ozocubu's Armour      Ice            36%        N/A       3%          3

Your spell library contained the following spells:

 Spells                   Type           Power      Damage    Failure   Level
 Summon Guardian Golem    Hex/Summ       1%         N/A       52%         3
 Hailstorm                Conj/Ice       19%        3d6       43%         4
 Orb of Destruction       Conj           0%         9d5       100%        7
 Spellforged Servitor     Conj/Summ      0%         N/A       100%        7


Dungeon Overview and Level Annotations

Branches:
Dungeon (6/15)             Temple (1/1) D:4

Altars:
Ashenzari
Cheibriados
Fedhas
Gozag
Hepliaklqana
Kikubaaqudgha
Makhleb
Okawaru
Ru
Sif Muna
Trog
Wu Jian
The Shining One

Annotations:
D:6 Edmund


Innate Abilities, Weirdness & Mutations

((You are very nimble when in or above water. (Stealth+, EV+, Speed+++)))
Your lower body shifts to a powerful aquatic tail in water.


Message History

You are too injured to fight recklessly!
You closely miss the wight.
The wight is moderately damaged.
The wight closely misses you.
You hit the wight. Your punch misses the wight.
The wight is severely damaged.
The wight barely misses you.
You hit the wight.
The wight is almost destroyed.
The wight hits you with a +0 great sword.
You feel drained.
* * * LOW HITPOINT WARNING * * *
You hit the wight but do no damage.
The wight is almost destroyed.
The wight closely misses you.
You completely miss the wight.
The wight is almost destroyed.
The wight barely misses you.
You hit the wight but do no damage.
The wight is almost destroyed.
The wight hits you with a +0 great sword!
* * * LOW HITPOINT WARNING * * *
You completely miss the wight.
The wight is almost destroyed.
A wight comes into view. It is wielding a +0 halberd.
The wight completely misses you.
You hit the wight.
You destroy the wight!
Your life force feels restored.
Your icy armour will break if you move.
Continue?
Okay, then.
Okay, then.
As you read the scroll of teleportation, it crumbles to dust.
You feel strangely unstable. The wight closely misses you.
Unknown command.
Your icy armour will break if you move.
Continue?
Your icy armour cracks and falls away as you move.
The wight attacks as you move away!
The wight hits you with a +3 dire flail.
You die...

#.......<..#
#.##..........
#.########.#
#.##.......## #.# #.#
#.........>.# #.####
#.# #.##.....<..#
#....# #.#
#.##........# #.##.#
#.# #.##........#
#.##.# #.#
#..)z...###.# #.##.##
#.# #z####..# .#
#.#.#.## #.# #@# #..# #
#..###.###.# #.#
#..###.## #.## ##....#
#.# #........
##.###.#####
##.####.####.## ##.#.##
##......†.....# ##.##
#####.....##.######
#.#####..........#.#
####................#.#
#..........##.......#.#


You could see a wight.

Vanquished Creatures
  A water moccasin (D:5)
  An ice beast (D:5)
  An ogre (D:5)
  A phantom (D:4)
  A scorpion (D:4)
  A wight (D:6)
  A hound (D:5)
  A jelly (D:5)
  4 iguanas
  2 orc wizards
  8 adders
  An ufetubus (D:6)
  2 worms
  2 dart slugs
  9 orcs
  4 bats
  4 endoplasms
  3 giant cockroaches
  7 goblins
  7 hobgoblins
  3 jackals (D:4)
  3 quokkas
  7 ball pythons
  2 frilled lizards
  4 kobolds
  6 rats
86 creatures vanquished.

Notes
Turn   | Place    | Note
-------+----------+-------------------------------------------
     0 | D:1      | Pelinal the Merfolk Ice Elementalist began the quest for
                  | the Orb.
     0 | D:1      | Reached XP level 1. HP: 13/13 MP: 3/3
   407 | D:1      | Reached XP level 2. HP: 10/19 MP: 0/5
   832 | D:1      | Reached skill level 5 in Ice Magic
  1345 | D:1      | Reached XP level 3. HP: 23/24 MP: 6/6
  1777 | D:2      | Found a faded altar of an unknown god.
  1785 | D:2      | Learned a level 3 spell: Frozen Ramparts
  1997 | D:2      | Found a blossoming altar of Fedhas.
  2062 | D:2      | Reached XP level 4. HP: 16/30 MP: 1/7
  2726 | D:3      | You fall into a shaft and drop 1 floor!
  2834 | D:4      | Found a staircase to the Ecumenical Temple.
  2844 | Temple   | Entered the Ecumenical Temple
  3067 | Temple   | Became a worshipper of Ashenzari the Shackled
  3108 | D:4      | Noticed a scorpion
  3115 | D:4      | Killed a scorpion
  3116 | D:4      | Reached XP level 5. HP: 9/35 MP: 2/8
  3122 | D:4      | HP: 1/35 [poisoned by a scorpion]
  3552 | D:4      | Reached skill level 3 in Stealth
  3904 | D:4      | Reached skill level 4 in Stealth
  3904 | D:4      | Reached XP level 6. HP: 19/41 MP: 7/9
  4387 | D:4      | Reached skill level 5 in Stealth
  5144 | D:5      | Entered Level 5 of the Dungeon
  5177 | D:5      | Reached skill level 6 in Stealth
  5177 | D:5      | Reached XP level 7. HP: 46/46 MP: 3/10
  5181 | D:5      | Learned a level 3 spell: Ozocubu's Armour
  5509 | D:5      | Reached skill level 7 in Stealth
  5885 | D:5      | Reached skill level 8 in Stealth
  6322 | D:6      | Noticed Edmund
  6444 | D:6      | Slain by a wight

Illustrated notes

Levels and vault maps discovered:
D:1:      sevenhm_arrival_forest_fort_large_4, layout_loops_ring,
          chequers_serial_rivers_small_a
D:2:      layout_basic, ebering_ecumenical_altar_petrified, basic_altar
D:3:      layout_basic, hangedman_decor_riveting, dreamdust_princess_corridor,
          uniq_sigmund
D:4:      layout_basic, temple_fountains,
          nicolae_concentric_dashed_squares_wild, minmay_misc_feat_square,
          st_stairs_10
D:5:      layout_layer_cave
D:6:      layout_loops_ring, amcnicky_altar_gilded, uniq_edmund
Temple:   nicolae_temple_figure_eight

Skill      XL: |  1  2  3  4  5  6  7 |
---------------+----------------------+-----
Ice Magic      | 5 6 7 |  7.0
Stealth        | 4 6 8 |  8.8
Dodging        | |  2.7
Spellcasting   | |  2.0

Action                   |  1- 3 |  4- 6 |  7- 9 || total
-------------------------+-------+-------+-------++-------
Melee: Unarmed           |     1 |       |       ||     1
       Club              |    17 |       |       ||    17
       Dagger            |     8 |    52 |    45 ||   105
       Punch             |       |       |     2 ||     2
 Cast: Freeze            |    32 |    31 |    16 ||    79
       Frozen Ramparts   |     2 |     4 |     2 ||     8
       Ozocubu's Armour  |       |       |     2 ||     2
  Use: Scroll            |       |     2 |     1 ||     3
       Potion            |       |     2 |     1 ||     3
 Stab: Sleeping          |     3 |     5 |     1 ||     9
Armor: Robe              |     6 |    10 |     9 ||    25
Dodge: Dodged            |    26 |    39 |    43 ||   108

Table legend: (Time is in decaauts)
 A = Elapsed time spent in this place.
 B = Non-inter-level travel time spent in this place.
 C = Inter-level travel time spent in this place.
 D = Time resting spent in this place.
 E = Time spent auto-exploring this place.
 F = Levels seen in this place.
 G = Mean time per level.
                   A        B        C        D        E       F      G
               +--------+--------+--------+--------+--------+-----+--------+
         Total |   6442 |   6348 |     94 |   2167 |   3260 |   7 |  920.3 |
       Dungeon |   6197 |   6114 |     83 |   2167 |   3037 |   6 | 1032.8 |
        Temple |    244 |    233 |     11 |      0 |    223 |   1 |  244.0 |
               +--------+--------+--------+--------+--------+-----+--------+

Top non-repeatable levels by time:
     D:4: 2172 daAuts
     D:1: 1558 daAuts
     D:5: 1130 daAuts
     D:2: 1092 daAuts
  Temple: 244 daAuts
     D:6: 168 daAuts
     D:3: 73 daAuts
